 Dungeon Crawl Stone Soup version 0.29-a0-813-g4a14ea37d6 (webtiles) character file.

Game seed: 15816416125796482326

87 Spectrina the Covert (level 4, -1/30 HPs)
             Began as a Vampire Delver on July 5, 2022.
             Slain by a bog mummy (17 damage)
             ... in an ossuary.
             The game lasted 00:04:35 (349 turns).

Spectrina the Covert (Vampire Delver)                Turns: 349, Time: 00:04:36

Health: -1/30      AC:  6    Str:  7 (11) XL:     4   Next: 28%
Magic:  4/4        EV: 11    Int: 10 (12) God:
Gold:   44         SH:  0    Dex: 13 (17) Spells: 3/3 levels left

rFire   . . .      SeeInvis +   a - +0 short sword
rCold   . . .      Faith    .   (no shield)
rNeg    . . .      Spirit   .   b - +0 leather armour
rPois   .          Reflect  .   (no helmet)
rElec   .          Harm     .   n - +2 cloak
rCorr   .          Rampage  .   (no gloves)
Will    .....                   (no boots)
Stlth   ++++......              (no amulet)
HPRegen 0.30/turn               (no ring)
MPRegen 0.09/turn               (no ring)

@: healing quickly, hasted, very quick
A: alive, fangs 3, see invisible, vampiric 2, [frail 1]
a: Exsanguinate


You were in an ossuary.
You visited 1 branch of the dungeon, and saw 1 of its levels.
You also visited: Ossuary.

You collected 44 gold pieces.

Inventory:

Hand Weapons
 a - a +0 short sword (weapon)
 j - a +0 rapier
Armour
 b - a +0 leather armour (worn)
 n - a +2 cloak (worn)
Wands
 g - a wand of digging (3)
Scrolls
 c - a scroll of fog
 d - a scroll of magic mapping
 e - a scroll of fear
Potions
 i - a potion of mutation {unknown}
 l - a potion of heal wounds
Miscellaneous
 h - a piece from Xom's chessboard (15/15)


   Skills:
 - Level 2.6 Fighting
 + Level 3.9 Short Blades
 - Level 2.1 Dodging
 + Level 8.6 Stealth


You had 3 spell levels left.
You didn't know any spells.
Your spell library contained the following spells:

 Spells                   Type           Power      Damage    Failure   Level
 Static Discharge         Conj/Air       0%         3-3/arc   65%         2
 Dispel Undead            Necr           0%         3d6       99%         4
 Sticky Flame             Conj/Fire      0%         2d3       99%         4


Dungeon Overview and Level Annotations

Branches:
Dungeon (5/15)            Ossuary (1/1)
 Temple: D:4-7

Altars:

Annotations:
D:5 Menkaure


Innate Abilities, Weirdness & Mutations

Your natural rate of healing is accelerated.
You have razor-sharp teeth.
You have supernaturally acute eyesight. (SInv)
You are afflicted with vampirism and can become a bat while bloodless.
[You are frail. (-10% HP)]


Message History

The bog mummy is moderately damaged.
The bog mummy points at you and mumbles some strange words.
The puff of frost misses you. The bullfrog zombie hits you.
You hit the bullfrog zombie. You bite the bullfrog zombie.
The bullfrog zombie is moderately damaged.
The bullfrog zombie closely misses you.
The bullfrog zombie hits you but does no damage.
Unknown command.
You barely miss the bullfrog zombie. Your bite misses the bullfrog zombie.
The bullfrog zombie is moderately damaged.
The bullfrog zombie hits you but does no damage.
The bullfrog zombie hits you.
You hit the bullfrog zombie but do no damage.
Your bite misses the bullfrog zombie.
The bullfrog zombie is moderately damaged.
The bullfrog zombie hits you.
You feel yourself speed up.
You feel yourself speed up.
Unknown command.
You hit the bog mummy but do no damage.
The bog mummy is moderately damaged.
You hit the bog mummy.
The bog mummy is moderately damaged.
The bog mummy hits you but does no damage.
Unknown command.
There is an open door here.
It was a potion of degeneration.
There was something very wrong with that liquid.
You feel weakened.
You feel dopey.
You feel clumsy.
You hit the bog mummy but do no damage.
The bog mummy is moderately damaged.
You hit the bog mummy.
You bite the bog mummy, but do no damage.
The bog mummy is heavily damaged.
You hit the bog mummy but do no damage.
The bog mummy is heavily damaged.
The bog mummy hits you!
Ouch! That really hurt!
You die...

≈##≈###
≈.MM#≈#
#####.≈≈#≈##
#∩..#≈.M≈#≈#
###.∩.#≈≈≈≈≈
#.#.@.#...
.##'##'##M##.#
......Z.ZZ..M+
+#'#'#+#+#+#'#
.# ##


You could see a bog mummy, a bullfrog zombie and a centaur zombie.

Vanquished Creatures
  A scorpion (D:5)
  2 mummies (Ossuary)
3 creatures vanquished.

Vanquished Creatures (others)
  8 withered plants (Ossuary)
8 creatures vanquished.

Grand Total: 11 creatures vanquished

Notes
Turn   | Place    | Note
-------+----------+-------------------------------------------
     0 | D:5      | Spectrina the Vampire Delver began the quest for the Orb.
     0 | D:5      | Reached XP level 1. HP: 17/17 MP: 1/1
     6 | D:5      | Found a sand-covered staircase.
    60 | D:5      | Noticed an ice beast
    75 | D:5      | Noticed a scorpion
    76 | D:5      | Noticed Menkaure
    78 | D:5      | Killed a scorpion
    79 | D:5      | Reached skill level 8 in Stealth
    79 | D:5      | Reached XP level 2. HP: 18/18 MP: 2/2
    79 | D:5      | Gained mutation: You are afflicted with vampirism and can
                  | become a bat while bloodless. [Vampire growth]
    79 | D:5      | Reached XP level 3. HP: 22/22 MP: 3/3
   142 | Ossuary  | Entered an ossuary
   168 | Ossuary  | Reached XP level 4. HP: 27/27 MP: 4/4
   349 | Ossuary  | Slain by a bog mummy

Illustrated notes

Levels and vault maps discovered:
D:5:      layout_rooms, lemuel_temple_firewalk_b, nicolae_ossuary_entry_ruins,
          hangedman_abyss_or_decor_passed, hellmonk_bongcloud_opening,
          uniq_menkaure
Ossuary:  ossuary_zaba_flooded

Skill      XL: |  1 |
---------------+----+-----
Short Blades   | 3 |  3.9
Stealth        | 8 |  8.6
Fighting       | |  2.6
Dodging        | |  2.1

Action                   |  1- 3 |  4- 6 || total
-------------------------+-------+-------++-------
Melee: Short sword       |     4 |    23 ||    27
       Bite              |     1 |     3 ||     4
       Punch             |       |     1 ||     1
 Abil: Exsanguinate      |     1 |       ||     1
       End Transformatio |     1 |       ||     1
       Bat Form          |     1 |       ||     1
       Revivify          |       |     1 ||     1
  Use: Potion            |     1 |     2 ||     3
       Scroll            |     1 |       ||     1
 Stab: Sleeping          |     1 |       ||     1
       Distracted        |     1 |       ||     1
Armor: Leather armour    |     1 |     3 ||     4
Dodge: Dodged            |     3 |     6 ||     9

Table legend: (Time is in decaauts)
 A = Elapsed time spent in this place.
 B = Non-inter-level travel time spent in this place.
 C = Inter-level travel time spent in this place.
 D = Time resting spent in this place.
 E = Time spent auto-exploring this place.
 F = Levels seen in this place.
 G = Mean time per level.
                   A        B        C        D        E       F      G
               +--------+--------+--------+--------+--------+-----+--------+
         Total |    331 |    331 |      0 |    121 |      0 |   2 |  165.5 |
       Dungeon |    124 |    124 |      0 |      0 |      0 |   1 |  124.0 |
       Ossuary |    207 |    207 |      0 |    121 |      0 |   1 |  207.0 |
               +--------+--------+--------+--------+--------+-----+--------+

Top non-repeatable levels by time:
 Ossuary: 207 daAuts
     D:5: 124 daAuts
